 Dungeon Crawl Stone Soup version 0.30-a0-341-g682706514a (webtiles) character file.

Game seed: 11148529965474043435

344 MacCMillion the Magician (level 6, -2/40 HPs)
             Began as a Djinni Conjurer on Nov 5, 2022.
             Slain by an iguana (8 damage)
             ... on level 4 of the Dungeon.
             The game lasted 00:06:43 (2862 turns).

MacCMillion the Magician (Djinni Conjurer)          Turns: 2862, Time: 00:06:44

Health: -2/40      AC:  3    Str:  6    XL:     6   Next: 89%
Gold:   175        EV: 12    Int: 21    God:
                   SH:  0    Dex: 12

rFire   + + .      SeeInvis .    s - +1 dagger (elec)
rCold   x . .      Faith    .    (no shield)
rNeg    . . .      Spirit   .    a - +1 robe
rPois   ∞          Reflect  .    (no helmet)
rElec   .          Harm     .    (no cloak)
rCorr   +          Rampage  .    (no gloves)
Will    .....                    (boots unavailable)
Stlth   ++........               (no amulet)
HPRegen 0.26/turn                m - ring of resist corrosion
MPRegen 0.00/turn                (no ring)

@: flying, very slightly contaminated
A: sickness immunity, fire resistance 2, cold vulnerability 1, float, innate
caster, HP casting, extra vitality 1
a: no special abilities


You were on level 4 of the Dungeon.
You visited 1 branch of the dungeon, and saw 4 of its levels.

You collected 175 gold pieces.

Inventory:

Hand Weapons
 s - a +1 dagger of electrocution (weapon)
Missiles
 g - a throwing net
Armour
 a - a +1 robe (worn)
Jewellery
 m - a ring of resist corrosion (left hand)
Wands
 i - a wand of roots (8)
Scrolls
 b - 4 scrolls of immolation
 c - a scroll of poison {unknown}
 d - a scroll of amnesia
 e - 2 scrolls of teleportation
 f - a scroll of fear {unknown}
 o - a scroll of magic mapping {unknown}
 p - a scroll of enchant armour
 q - 2 scrolls of torment
 r - 2 scrolls of noise {unknown}
Potions
 h - 2 potions of curing
 j - a potion of ambrosia
 k - a potion of resistance {unknown}
 l - 2 potions of might {unknown}
 n - 4 potions of heal wounds
 t - a potion of brilliance {unknown}


   Skills:
 - Level 2.2 Dodging
 - Level 1.6 Stealth
 + Level 6.0 Spellcasting


You couldn't memorise any spells.
You knew the following spells:

 Your Spells              Type           Power      Damage    Failure   Level
a - Magic Dart            Conj           100%       1d8       1%          1
b - Searing Ray           Conj           62%        2d6       1%          2
c - Dazzling Flash        Conj/Hex       62%        N/A       2%          3
d - Fulminant Prism       Conj/Hex       15%        3d10      9%          4
e - Iskenderun's Mystic   Conj/Tloc      31%        2d8       9%          4
f - Beastly Appendage     Tmut           62%        N/A       1%          1
g - Scorch                Fire           62%        2d8       1%          2
Your spell library was empty.

Dungeon Overview and Level Annotations

Branches:
Dungeon (4/15)
 Temple: D:4-7

Altars:

Shops:
D:1 *


Innate Abilities, Weirdness & Mutations

You are immune to sickness and miasma.
You are immune to poison.
Your flesh is very heat resistant. (rF++)
You are vulnerable to cold. (rC-)
You float through the air rather than walking.
You learn spells naturally, not from books.
Your magical power is your life essence.
You have superior vitality. (+4 MHP)


Message History

Confirm with . or Enter, or press ? or * to list all spells.
Casting: Dazzling Flash (dangerous; 2% risk of failure)
Press: ? - help, Dir - look around, f - activate The orc is dazzled.
The iguana is dazzled.
The iguana hisses angrily.
The iguana bites you.
Unknown command.
Casting: Dazzling Flash (dangerous; 2% risk of failure)
Confirm with . or Enter, or press ? or * to list all spells.
Aiming: Searing Ray (safe; 1% risk of failure)
Press: ? - help, Shift-Dir - straight line, f - iguana
Aim: an iguana (82% to hit)
You miscast Searing Ray.
You are very lightly contaminated with residual magic.
Nothing appears to happen.
The iguana barely misses you.
Unknown command.
Casting: Searing Ray (safe; 1% risk of failure)
Confirm with . or Enter, or press ? or * to list all spells.
Aiming: Searing Ray (safe; 1% risk of failure)
Press: ? - help, Shift-Dir - straight line, f/p - iguana
Aim: an iguana (82% to hit)
The searing ray misses the iguana.
The searing ray hits the orc.
The orc is almost dead. (Press . to maintain the ray.)
The iguana bites you!
The searing ray hits the iguana but does no damage.
The searing ray hits the orc!
You kill the orc!
The searing ray hits the iguana!
The iguana is moderately wounded.
The iguana bites you!
* * * LOW HITPOINT WARNING * * *
The iguana closely misses you.
The searing ray hits the iguana!
The iguana is almost dead.
* * * LOW HITPOINT WARNING * * *
You finish channelling your searing ray.
The iguana bites you but does no damage.
The iguana is no longer blind.
The iguana bites you!
You die...

#########
#.......#
#..#.##'#
#.####@l#
#..# #l##
#.## .).
#.# ...##
#.#$$#..
#.########
#.###....#
#........#
#####....#


You could see 2 iguanas.

Vanquished Creatures
  An ogre (D:4)
  A hound (D:4)
  An orc priest (D:4)
  An iguana (D:4)
  3 orc wizards
  An adder (D:3)
  A worm (D:2)
  3 dart slugs
  9 orcs
  7 endoplasms
  3 giant cockroaches
  8 goblins
  4 hobgoblins
  2 jackals (D:2)
  9 kobolds
  3 quokkas
  7 ball pythons
  4 bats (D:2)
  4 frilled lizards
  4 rats
76 creatures vanquished.

Notes
Turn   | Place    | Note
-------+----------+-------------------------------------------
     0 | D:1      | MacCMillion the Djinni Conjurer began the quest for the
                  | Orb.
     0 | D:1      | MacCMillion set off with the following spells memorised:
                  | Magic Dart, Searing Ray, Dazzling Flash, Fulminant Prism,
                  | Iskenderun's Mystic Blast.
     0 | D:1      | Reached XP level 1. HP: 15/15 MP: 0/0
   310 | D:1      | Reached XP level 2. HP: 19/21 MP: 0/0
   529 | D:1      | Found Rehosmem's Assorted Antiques.
   562 | D:1      | Reached XP level 3. HP: 23/25 MP: 0/0
   562 | D:1      | Learned a level 1 spell: Beastly Appendage
   906 | D:2      | Reached skill level 4 in Spellcasting
  1444 | D:3      | Reached XP level 4. HP: 30/31 MP: 0/0
  1804 | D:3      | Reached XP level 5. HP: 21/35 MP: 0/0
  1804 | D:3      | Learned a level 2 spell: Scorch
  2550 | D:4      | Noticed an ogre
  2559 | D:4      | Killed an ogre
  2560 | D:4      | Reached skill level 5 in Spellcasting
  2560 | D:4      | Reached XP level 6. HP: 31/40 MP: 0/0
  2770 | D:4      | Reached skill level 6 in Spellcasting
  2862 | D:4      | Slain by an iguana

Illustrated notes

Levels and vault maps discovered:
D:1:      dpeg_arrival_short_road, layout_basic, serial_shops,
          nicolae_shop_stone, minmay_misc_feat_tiny, minmay_tetromino_s4
D:2:      layout_rooms, st_stairs_6, chequers_serial_rivers_micro_c
D:3:      layout_basic, kennysheep_generic_room_4
D:4:      minmay_wonky_spiral, layout_basic

Skill      XL: |  1  2  3  4  5  6 |
---------------+-------------------+-----
Spellcasting   | 4 5 6 |  6.0
Dodging        | |  2.2
Stealth        | |  1.6

Action                   |  1- 3 |  4- 6 || total
-------------------------+-------+-------++-------
 Cast: Magic Dart        |    76 |    37 ||   113
       Searing Ray       |     2 |    18 ||    20
       Dazzling Flash    |       |     2 ||     2
  Use: Scroll            |       |     8 ||     8
Armor: Robe              |     5 |     2 ||     7
Dodge: Dodged            |     5 |     8 ||    13

Table legend: (Time is in decaauts)
 A = Elapsed time spent in this place.
 B = Non-inter-level travel time spent in this place.
 C = Inter-level travel time spent in this place.
 D = Time resting spent in this place.
 E = Time spent auto-exploring this place.
 F = Levels seen in this place.
 G = Mean time per level.
                   A        B        C        D        E       F      G
               +--------+--------+--------+--------+--------+-----+--------+
         Total |   2862 |   2790 |     72 |    272 |   2138 |   4 |  715.5 |
       Dungeon |   2862 |   2790 |     72 |    272 |   2138 |   4 |  715.5 |
               +--------+--------+--------+--------+--------+-----+--------+

Top non-repeatable levels by time:
     D:1: 862 daAuts
     D:3: 765 daAuts
     D:4: 691 daAuts
     D:2: 542 daAuts
